 Dungeon Crawl Stone Soup version 0.30-a0-908-g5a111fc481 (webtiles) character file.

Game seed: 3216983409808130072

412 sanka the Cleaver (level 6, -6/57 HPs)
             Began as a Hill Orc Monk on Mar 19, 2023.
             Splashed by a jelly's acid (8 damage)
             ... on level 4 of the Dungeon.
             The game lasted 00:04:51 (2918 turns).

sanka the Cleaver (Hill Orc Monk)                   Turns: 2918, Time: 00:04:51

Health: -6/57      AC: -8    Str: 16    XL:     6   Next: 90%
Magic:  6/6        EV:  7    Int: 10    God:
Gold:   215        SH:  0    Dex: 13    Spells: 5/5 levels left

rFire   . . .      SeeInvis .    a - +0 hand axe
rCold   . . .      Faith    .    (no shield)
rNeg    . . .      Spirit   .    q - +0 chain mail
rPois   .          Reflect  .    (no helmet)
rElec   .          Rampage  .    (no cloak)
rCorr   .                        (no gloves)
Will    .....                    (no boots) Stlth
                                 (no amulet)
HPRegen 0.29/turn                (no ring)
MPRegen 0.10/turn                (no ring)

@: corroded
A: no striking features
a: no special abilities


You were on level 4 of the Dungeon.
You visited 1 branch of the dungeon, and saw 4 of its levels.

You collected 215 gold pieces.


   Skills:
 + Level 5.9 Fighting
 * Level 8.4 Axes
 - Level 2.4 Dodging
 - Level 1.5 Stealth


You had 5 spell levels left.
You didn't know any spells.
Your spell library contained the following spells:

 Spells                   Type           Power      Damage    Failure   Level
 Foxfire                  Conj/Fire      0%         2x1d4     100%        1
 Fireball                 Conj/Fire      0%         3d3       100%        5
 Starburst                Conj/Fire      0%         6d3       100%        6

Inventory:

Hand Weapons
 a - a +0 hand axe (weapon)
Missiles
 t - a throwing net {=f}
Armour
 b - a +0 robe
 q - a +0 chain mail (worn)
Scrolls
 h - 2 scrolls of teleportation {unknown}
 i - 5 scrolls of identify {unknown}
 j - a scroll of poison {unknown}
 o - a scroll of noise {unknown}
 p - a scroll of blinking {unknown}
 r - a scroll of enchant armour {unknown}
 s - a scroll of magic mapping {unknown}
Potions
 c - 2 potions of ambrosia
 d - a potion of curing {@q1}
 e - a potion of heal wounds {@q2}
 f - a potion of mutation {unknown}
 g - a potion of cancellation {unknown}
 k - 2 potions of degeneration {unknown}
 l - a potion of magic {unknown}
 m - 2 potions of lignification {unknown}
 n - a potion of attraction {unknown}
 u - 2 potions of brilliance {unknown}

Dungeon Overview and Level Annotations

Branches:
Dungeon (4/15)
 Temple: D:4-7

Altars:
Dithmenos
The Shining One

▒▒▒▒▒▒▒.▒▒▒▒▒▒▒ ▒▒▒.▒
▒▒▒...▒▒ ▒▒▒...▒..▒
▒▒▒▒▒...▒▒▒▒.▒▒
▒▒▒.....▒▒▒..▒..▒
▒...▒▒.▒▒....▒▒.▒▒
▒...▒..▒..▒..⌠..▒..▒
▒...▒▒▒▒o▒▒.▒▒....▒▒.▒▒
..▒ ▒Jg▒.....▒▒▒...▒ .
▒▒.▒▒.▒▒▒▒...▒.▒
.K▒..▒...▒▒▒.▒
▒.▒▒...▒▒▒..[▒▒
..▒.▒▒▒...▒..▒
▒▒▒▒▒...▒▒▒▒.▒ ▒...▒.
..▒ ▒▒. ▒ ▒.▒


You could see a jelly, a hobgoblin and a kobold.


Message History

You are splashed with acid!
* * * LOW HITPOINT WARNING * * *
The jelly hits you.
* * * LOW HITPOINT WARNING * * *
The acid corrodes you!
You are splashed with acid.
* * * LOW HITPOINT WARNING * * *
The hobgoblin hits you.
* * * LOW HITPOINT WARNING * * *
A kobold comes into view. It is wielding a +0 short sword.
You hit the jelly but do no damage.
Your hands burn!
* * * LOW HITPOINT WARNING * * *
The jelly is severely wounded.
You hit the hobgoblin but do no damage. The jelly hits you.
* * * LOW HITPOINT WARNING * * *
You are splashed with acid.
* * * LOW HITPOINT WARNING * * *
The hobgoblin hits you.
* * * LOW HITPOINT WARNING * * *
You hit the jelly.
Your hands burn!
* * * LOW HITPOINT WARNING * * *
The jelly is almost dead.
You hit the hobgoblin but do no damage. The jelly hits you.
* * * LOW HITPOINT WARNING * * *
You are splashed with acid!
You die...

Action                     |  1- 3 |  4- 6 || total
---------------------------+-------+-------++-------
  Melee: Hand axe          |   119 |   159 ||   278
    Use: Potion            |       |     4 ||     4
   Stab: Sleeping          |     3 |     1 ||     4
 Armour: Robe              |    38 |     3 ||    41
         Chain mail        |       |    79 ||    79
  Dodge: Dodged            |    87 |    74 ||   161

Levels and vault maps discovered:
D:1:      minmay_arrival_four_loops, layout_loops_corners, minmay_misc_feat_room
D:2:      layout_rooms, minmay_pentomino_w2
D:3:      layout_basic, mainiacjoe_overflow_24_doors,
          nicolae_dithmenos_the_darkroom, uniq_jessica
D:4:      minmay_skewed_foursquare, layout_basic, uniq_sigmund, uniq_ijyb,
          uniq_robin, uniq_grinder

Notes
Turn   | Place    | Note
-------+----------+-------------------------------------------
     0 | D:1      | sanka the Hill Orc Monk began the quest for the Orb.
     0 | D:1      | Reached XP level 1. HP: 19/19 MP: 1/1
   197 | D:1      | Reached XP level 2. HP: 24/27 MP: 2/2
   378 | D:1      | Reached skill level 4 in Fighting
   605 | D:1      | Reached skill level 5 in Axes
   644 | D:1      | Reached XP level 3. HP: 33/33 MP: 3/3
  1286 | D:2      | Reached XP level 4. HP: 15/41 MP: 4/4
  1449 | D:2      | Reached skill level 6 in Axes
  1788 | D:3      | Noticed a scorpion
  1811 | D:3      | Killed a scorpion
  1812 | D:3      | Reached skill level 5 in Fighting
  1812 | D:3      | Reached XP level 5. HP: 30/48 MP: 5/5
  1934 | D:3      | Noticed Jessica
  1934 | D:3      | Found a shadowy altar of Dithmenos.
  1951 | D:3      | Killed Jessica
  1952 | D:3      | Reached skill level 7 in Axes
  2061 | D:3      | Found a glowing golden altar of the Shining One.
  2589 | D:4      | Noticed Sigmund
  2631 | D:4      | Killed Sigmund
  2632 | D:4      | Reached skill level 8 in Axes
  2632 | D:4      | Reached XP level 6. HP: 9/57 MP: 6/6
  2918 | D:4      | HP: 3/57 [acid (5)]
  2918 | D:4      | Splashed by a jelly's acid

Vanquished Creatures
  Sigmund (D:4)
  A scorpion (D:3)
  A hound (D:4)
  Jessica (D:3)
  6 adders
  An ufetubus (D:4)
  A worm (D:2)
  A dart slug (D:3)
  2 orcs (D:3)
  8 endoplasms
  4 giant cockroaches
  3 goblins
  5 hobgoblins
  2 quokkas
  8 ball pythons
  9 bats
  4 frilled lizards
  6 kobolds
  6 rats
70 creatures vanquished.
